 Dungeon Crawl Stone Soup version 0.25-a0-447-gff83419037 (webtiles) character file.

Game seed: 4885747333147812451, levelgen mode: deterministic

2753 Erk the Fighter (level 9, 0/90 HPs)
             Began as a Centaur Gladiator on Jan 31, 2020.
             Was a Priest of the Shining One.
             Slain by a killer bee (6 damage)
             ... on level 7 of the Dungeon.
             The game lasted 00:25:22 (5730 turns).

Erk the Fighter (Centaur Gladiator)                 Turns: 5730, Time: 00:25:32

Health: 0/90       AC:  7    Str: 20    XL:     9   Next: 41%
Magic:  11/11      EV:  6    Int:  7    God:    the Shining One [***...]
Gold:   307        SH:  0    Dex: 11    Spells: 8/8 levels left

rFire    + . .     SeeInvis .   a - +1 hand axe (freeze)
rCold    . . .     Gourm    +   (no shield)
rNeg     + . .     Faith    .   v - +0 chain mail {rF+}
rPois    .         Spirit   .   c - +0 helmet
rElec    .         Reflect  .   (no cloak)
rCorr    .         Harm     .   A - -2 pair of gloves (curse)
MR       .....                  (no barding)
Stlth    ..........             i - amulet of the gourmand
HPRegen  0.25/turn              (no ring)
MPRegen  0.12/turn              (no ring)

@: lethally poisoned (0 -> -1), glowing, very quick
A: large, hooves 3, deformed body, speed 2, tough skin 3
a: Divine Shield, Renounce Religion


You were on level 7 of the Dungeon.
You worshipped the Shining One.
The Shining One was most pleased with you.
You were very full.

You visited 2 branches of the dungeon, and saw 8 of its levels.
You also visited: Ossuary.

You collected 307 gold pieces.

Inventory:

Hand Weapons
 a - a +1 hand axe of freezing (weapon)
 b - a +2 whip of electrocution
 u - a +0 dagger of holy wrath
Missiles
 d - 3 throwing nets (quivered)
 h - 20 poisoned darts
 y - 2 boomerangs
Armour
 c - a +0 helmet (worn)
 o - a +0 robe
 v - a +0 chain mail of fire resistance (worn)
 A - a cursed -2 pair of gloves (worn)
Jewellery
 i - an amulet of the gourmand (around neck)
 C - a +2 ring of strength {unknown}
 E - a cursed ring of teleportation {unknown}
Wands
 w - a wand of disintegration (10)
Scrolls
 e - a scroll of random uselessness {unknown}
 g - a scroll of immolation {unknown}
 k - 2 scrolls of fear
 n - 3 scrolls of enchant armour
 p - a scroll of fog {unknown}
 q - a scroll of remove curse {unknown}
 r - a scroll of enchant weapon {unknown}
 s - 5 scrolls of teleportation
 x - a scroll of blinking {unknown}
 z - 3 scrolls of amnesia
 F - a scroll of identify
 G - a scroll of acquirement {unknown}
Potions
 j - a potion of berserk rage
 l - a potion of curing
 m - a potion of flight
 t - a potion of haste
 B - a potion of magic
 D - 3 potions of lignification
 H - a potion of agility
Comestibles
 f - 18 rations


   Skills:
 + Level 12.3 Fighting
 - Level 2.6 Maces & Flails
 - Level 2.1 Throwing
 - Level 2.1 Dodging
 + Level 3.7 Invocations


You had 8 spell levels left.
You didn't know any spells.
Your spell library was empty.

Dungeon Overview and Level Annotations

Branches:
Dungeon (7/15)             Temple (1/1) D:4         Ossuary (visited)

Altars:
Ashenzari
Cheibriados
Dithmenos
Fedhas
Gozag
Hepliaklqana
Kikubaaqudgha
Makhleb
Nemelex Xobeh
Okawaru
Qazlal
Ru
Sif Muna
Trog
Uskayaw
Vehumet
Wu Jian
Xom
Yredelemnul
Zin
The Shining One


Innate Abilities, Weirdness & Mutations

You have hooves in place of feet.
Armour fits poorly on your strangely shaped body.
You cover ground very quickly.
You have extremely tough skin. (AC +3)


Message History

The centaur is moderately wounded.
The centaur hits you but does no damage.
The centaur hits you.
* * * LOW HITPOINT WARNING * * *
You completely miss the centaur. You kick the centaur, but do no damage.
The centaur is moderately wounded.
The centaur closely misses you. The centaur barely misses you.
You hit the centaur. You freeze the centaur. You kick the centaur.
The centaur is almost dead.
The centaur hits you.
* * * LOW HITPOINT WARNING * * *
You feel better. The centaur barely misses you. The centaur hits you.
* * * LOW HITPOINT WARNING * * *
You hit the centaur. You freeze the centaur.
You kill the centaur!
The killer bee stings you.
* * * LOW HITPOINT WARNING * * *
You are poisoned.
The killer bee poisons you! The killer bee stings you.
You die...

##### ####.#.# .#..<..#
.#.#.#.########
.#.............
.#...#.################
.#<..#.# #.....y@.....#
...#.#.# ...#########.#
#.[.. .. ...#.#.# #.#
#....... ...#.#.# #.#
#....#.# ...#.#.# #.#
#....#.# .....#.# #.#
#.._.#.# .#####.# #.#
#....#.# ........
########.###....#.#
........
.................>#


You could see a killer bee.

Vanquished Creatures
  Pikel (D:4)
  An ogre (D:6)
  4 centaurs
  An elf zombie (Ossuary)
  2 bullfrogs
  4 scorpions
  4 killer bees (D:7)
  8 wights
  2 howler monkeys
  3 crimson imps (D:7)
  A jelly (D:7)
  A hound (D:4)
  A bullfrog skeleton (D:4)
  2 orc wizards
  3 orc priests
  A centaur skeleton (D:6)
  3 iguanas
  2 worker ants (D:4)
  Terence (D:2)
  2 big kobold zombies (Ossuary)
  3 mummies (Ossuary)
  Robin (D:4)
  3 gnolls (D:3)
  10 adders
  A shadow imp (D:7)
  An adder skeleton (D:5)
  3 adder zombies (Ossuary)
  4 dart slugs
  2 worms
  5 leopard geckos
  25 orcs
  A ball python (D:5)
  5 giant cockroaches
  10 hobgoblins
  3 jackals (D:2)
  8 kobolds
  3 quokkas
  10 bats
  4 frilled lizards
  18 goblins
  4 goblin zombies (Ossuary)
  3 hobgoblin zombies (Ossuary)
  A jackal skeleton (D:7)
  A kobold zombie (Ossuary)
  An orc zombie (D:6)
  3 quokka zombies
  5 rats
  2 rat zombies (Ossuary)
187 creatures vanquished.

Notes
Turn   | Place    | Note
-------+----------+-------------------------------------------
     0 | D:1      | Erk the Centaur Gladiator began the quest for the Orb.
     0 | D:1      | Reached XP level 1. HP: 17/17 MP: 1/1
   163 | D:1      | Reached XP level 2. HP: 24/25 MP: 2/2
   329 | D:1      | Reached skill level 3 in Fighting
   600 | D:2      | Reached XP level 3. HP: 29/33 MP: 3/3
   759 | D:2      | Noticed Terence
   763 | D:2      | Reached skill level 4 in Fighting
   763 | D:2      | Reached XP level 4. HP: 34/41 MP: 4/4
   767 | D:2      | Killed Terence
  1051 | D:2      | Reached skill level 5 in Fighting
  1132 | D:2      | Reached XP level 5. HP: 25/48 MP: 5/5
  1315 | D:2      | Found a faded altar of an unknown god.
  1407 | D:2      | Found a shimmering blue altar of Sif Muna.
  1407 | D:2      | Found an iron altar of Okawaru.
  1408 | D:2      | Found an opulent altar of Gozag.
  1409 | D:2      | Found a shadowy altar of Dithmenos.
  1412 | D:2      | Found a burning altar of Makhleb.
  1597 | D:3      | Reached skill level 6 in Fighting
  2207 | D:3      | Reached XP level 6. HP: 58/58 MP: 6/6
  2559 | D:2      | Reached skill level 7 in Fighting
  2742 | D:4      | Reached XP level 7. HP: 29/67 MP: 7/7
  2943 | D:4      | Found a staircase to the Ecumenical Temple.
  2954 | Temple   | Entered the Ecumenical Temple
  3023 | Temple   | Became a worshipper of the Shining One
  3086 | D:4      | Noticed Pikel
  3111 | D:4      | Killed Pikel
  3111 | D:4      | Reached skill level 9 in Fighting
  3111 | D:4      | Reached XP level 8. HP: 16/78 MP: 8/8
  3676 | D:4      | Reached skill level 10 in Fighting
  3683 | D:4      | Found a basalt altar of Yredelemnul.
  3703 | D:4      | Noticed Robin
  3754 | D:4      | Killed Robin
  3948 | D:5      | Entered Level 5 of the Dungeon
  4328 | D:5      | Found a radiant altar of Vehumet.
  4476 | D:6      | Found a stormy altar of Qazlal.
  4545 | D:6      | Reached skill level 11 in Fighting
  4626 | D:6      | Found a sand-covered staircase.
  4638 | Ossuary  | Entered an ossuary
  4638 | Ossuary  | Reached * piety under the Shining One
  4981 | Ossuary  | Reached ** piety under the Shining One
  5120 | D:6      | Reached XP level 9. HP: 79/90 MP: 9/9
  5334 | D:7      | Reached *** piety under the Shining One
  5348 | D:7      | Reached skill level 1 in Invocations
  5372 | D:7      | Reached skill level 12 in Fighting
  5386 | D:7      | Found a glowing silver altar of Zin.
  5386 | D:7      | Found a blossoming altar of Fedhas.
  5675 | D:7      | Found a hide-covered altar of Uskayaw.
  5730 | D:7      | Slain by a killer bee

Levels and vault maps discovered:
D:1:      wander_arrival_desolate, layout_basic
D:2:      layout_basic, minitemple, chequers_ecumenical_altar_lobes,
          uniq_terence
D:3:      layout_basic, first_ration
D:4:      layout_cave_pods, kennysheep_mini_moat, minmay_temple_entry_statues,
          uniq_robin, uniq_pikel
D:5:      cheibrodos_quashed, layout_rooms, kennysheep_little_box,
          kennysheep_pointless_box
D:6:      layout_rooms, lemuel_coloured_pillars_altar, enter_ossuary_3
D:7:      layout_basic, overflow_temple_1_default,
          chequers_temple_overflow_statue_of_worship
Temple:   zaba_magenta_temple

Skill      XL: |  1  2  3  4  5  6  7  8  9 |
---------------+----------------------------+-----
Fighting       | 3 4 5 6 7 9 11 12 | 12.3
Invocations    | 3 |  3.7
Maces & Flails | |  2.6
Throwing       | |  2.1
Dodging        | |  2.1

Action                   |  1- 3 |  4- 6 |  7- 9 || total
-------------------------+-------+-------+-------++-------
Melee: Flail             |     8 |       |       ||     8
       Hand axe          |    48 |    70 |    11 ||   129
       Kick              |     8 |    41 |    70 ||   119
       Whip              |       |   101 |   245 ||   346
  Use: Scroll            |       |       |    11 ||    11
       Potion            |       |       |     2 ||     2
  Eat: Chunk             |       |     5 |    15 ||    20
Armor: Leather armour    |    18 |     4 |       ||    22
       Robe              |       |    41 |       ||    41
       Chain mail        |       |    20 |    71 ||    91
Dodge: Dodged            |    20 |    78 |    60 ||   158

Table legend:
 A = Non-vault XP
 B = Vault XP
 C = Vault XP percentage of total XP
 D = Non-vault monster count
 E = Vault monster count
 F = Vault count percentage of total count
                 A         B        C        D         E       F
            +---------+---------+-------+---------+---------+-------
      Total |    2958 |     975 |  24.8 |     150 |      37 |  19.8
            +---------+---------+-------+---------+---------+-------
        D:1 |      28 |       0 |   0.0 |      17 |       0 |   0.0
        D:2 |     187 |      32 |  14.6 |      28 |       1 |   3.4
        D:3 |     305 |       0 |   0.0 |      40 |       0 |   0.0
        D:4 |     469 |     712 |  60.3 |      17 |      14 |  45.2
        D:5 |     380 |       0 |   0.0 |      13 |       0 |   0.0
        D:6 |     604 |       1 |   0.2 |      11 |       1 |   8.3
        D:7 |     985 |       0 |   0.0 |      24 |       0 |   0.0
    Ossuary |       0 |     230 | 100.0 |       0 |      21 | 100.0
            +---------+---------+-------+---------+---------+-------
